 Dungeon Crawl Stone Soup version 0.32-a0-898-g7811c86cf0 (webtiles) character file.

Game seed: 11947594306709342732

39737 jasper the Brawler (level 13, -21/135 HPs)
             Began as a Troll Fighter on Apr 4, 2024.
             Was a High Priest of Beogh.
             Shot with a bolt by an orc knight (24 damage)
             ... led by Oreg the orc apostle
             ... on level 5 of the Lair of Beasts.
             The game lasted 00:23:20 (12650 turns).

jasper the Brawler (Troll Fighter)                 Turns: 12650, Time: 00:23:20

Health: -21/135    AC:  6    Str: 29    XL:     13   Next: 70%
Magic:  0/15       EV:  8    Int:  6    God:    Beogh [*****.]
Gold:   739        SH: 11    Dex:  9    Spells: 12/12 levels left

rFire   . .          .
                       - Unarmed
rCold   . . .        b - +1 kite shield
rNeg    . . .        a - +0 robe
rPois   +            N - +2 hat
rElec   .            r - scarf of Turph {shadows, +Inv rPois SInv}
rCorr   .            (gloves unavailable)
SInv    +            (boots unavailable)
Will    +....        i - amulet of guardian spirit
Stlth   +            h - ring of willpower
HPRegen 1.22/turn    R - +4 ring of slaying
MPRegen 0.14/turn

%: guardian spirit
@: no status effects
A: walk on water, large, unfitting armour, claws 3, regeneration 1, shaggy fur
1, tough skin 1
a: Renounce Religion, Evoke Invisibility, Smiting, Recall Apostles, Blood for
Blood, Dismiss Benkei, wizard, Dismiss Boderik, priest, Dismiss Garbold, wizard


You were on level 5 of the Lair of Beasts.
You worshipped Beogh.
Beogh was extremely pleased with you.
You visited 2 branches of the dungeon, and saw 13 of its levels.
You also visited: Bailey.

You collected 964 gold pieces.
You spent 225 gold pieces at shops.

Inventory:

Missiles
 e - 16 poisoned darts (quivered)
 k - 144 stones
 l - 16 boomerangs
 A - a throwing net
Armour
 a - a +0 robe (worn)
 b - a +1 kite shield (worn)
 r - the scarf of Turph (worn) {shadows, +Inv rPois SInv}
   (You acquired it in a bailey)

   rPois:     It protects you from poison.
   SInv:      It lets you see invisible.
   +Inv:      It lets you turn invisible.
 L - a +0 cloak
 N - a +2 hat (worn)
Jewellery
 h - a ring of willpower (left claw)
 i - an amulet of guardian spirit (around neck)
 j - a ring of protection from cold
 p - a ring of see invisible
 x - a +6 ring of dexterity
 z - the ring of Nuitah {Fly rPois rF+ Str-5 SInv}
   (You found it in a bailey)

   [ring of poison resistance]

   Str-5:     It affects your strength (-5).
   rF+:       It protects you from fire.
   rPois:     It protects you from poison.
   SInv:      It lets you see invisible.
   Fly:       It grants you flight.
 H - a ring of positive energy
 I - a ring of fire
 K - a ring of ice
 M - a ring of flight
 O - a ring of fire
 R - a +4 ring of slaying (right claw)
Talismans
 g - a beast talisman
Wands
 f - a wand of polymorph (9)
 m - a wand of iceblast (27)
 s - a wand of charming (24)
 w - a wand of flame (16)
Scrolls
 q - 3 scrolls of enchant weapon
 u - 5 scrolls of teleportation
 v - a scroll of brand weapon
 y - a scroll of fear
 C - a scroll of blinking
 E - 6 scrolls of enchant armour
 G - 2 scrolls of vulnerability
 Q - 2 scrolls of immolation
 S - a scroll of amnesia
Potions
 c - 6 potions of might
 d - 3 potions of brilliance
 n - a potion of haste
 o - 3 potions of degeneration
 t - 3 potions of enlightenment
 B - 3 potions of curing
 D - 2 potions of mutation
 F - 2 potions of cancellation
 J - a potion of magic
 P - a potion of lignification


   Skills:
 + Level 10.3 Fighting
 - Level 2.4 Dodging
 + Level 11.2 Shields
 * Level 16.4 Unarmed Combat
 + Level 5.1 Invocations


You had 12 spell levels left.
You didn't know any spells.
Your spell library contained the following spells:

 Spells                   Type           Power      Damage    Failure   Level
 Magic Dart               Conj           0%         1d3       58%         1
 Cigotuvi's Dreadful Rot  Necr/Alch/Air  0%         N/A       75%         2
 Mercury Vapours          Alch/Air       0%         N/A       75%         2
 Searing Ray              Conj           0%         2d4       75%         2
 Mephitic Cloud           Conj/Alch/Air  0%         N/A       92%         3
 Animate Armour           Summ/Erth      0%         N/A       100%        4
 Fulminant Prism          Conj/Alch      0%         3d5       100%        4
 Ignite Poison            Fire/Alch      0%         N/A       100%        4
 Summon Lightning Spire   Summ/Air       0%         N/A       100%        4
 Freezing Cloud           Conj/Ice/Air   0%         6-21      100%        5
 Lee's Rapid Deconstruct  Erth           0%         3d4*      100%        5
 Summon Forest            Summ/Tloc      0%         N/A       100%        5
 Summon Mana Viper        Hex/Summ       0%         N/A       100%        5
 Summon Cactus Giant      Summ           0%         N/A       100%        6


Dungeon Overview and Level Annotations

Branches:
Dungeon (8/15)             Temple (0/1) D:6            Lair (5/5) D:8
 Shoals (0/4) Lair:3       Spider (0/4) Lair:2       Bailey (visited)
  Slime: Lair:4-5

Altars:
Cheibriados
Trog
Yredelemnul

Shops:
D:4 (   D:5 *   D:6 *

Annotations:
Lair:1 3 runed translucent doors, Daekhaa's ghost, journeyman GnSu
Lair:5 exclusion: 2 oklob plants


Innate Abilities, Weirdness & Mutations

You can walk on water.
Your facial features are unmistakably orcish.
You are too large for most types of armour.
You have claws for hands.
Your natural rate of healing is unusually fast.
You are covered in fur. (AC +1)
You have tough skin. (AC +1)


Message History

You swap places.
Benkei hits Oreg but does no damage.
The orc knight unwields a +0 long sword.
The orc knight wields a +0 arbalest.
The orc knight shoots a bolt.
The bolt hits Boderik!
Boderik hits the orc knight but does no damage.
Oreg hits Benkei with a +5 vampiric great sword!!
Oreg is healed.
You feel better.
Oreg looks more healthy.
Benkei hits Oreg but does no damage.
The orc knight shoots a bolt.
The bolt hits Boderik!!
Boderik hits the orc knight but does no damage.
Oreg hits Benkei with a +5 vampiric great sword!!
Oreg is healed.
Benkei dies!
Oreg shouts!
You regained 8 hp, and now have 22/135 hp.
Unknown command.
The orc knight shoots a bolt.
The bolt hits Boderik!!
Boderik dies!
Your +0 war axe disappears in a puff of smoke!
Aiming: Iceblast
Press: ? - help, Shift-Dir - straight line, f - Oreg
Aim: Oreg the orc apostle, wielding a +5 vampiric great sword, wearing a +6 chain mail of positive energy and quivering boomerangs (heavily wounded, strong, empowered by the touch of Beogh, target of orcish vengeance)
The mass of ice explodes!
The iceblast engulfs Oreg.
Oreg is heavily wounded.
The iceblast engulfs the orc knight.
The orc knight is heavily wounded.
You claw Oreg!
Oreg is severely wounded.
You closely miss Oreg.
Oreg is severely wounded.
Oreg hits you with a +5 vampiric great sword!!
* * * LOW HITPOINT WARNING * * *
Oreg draws strength from your wounds!
You take 23 damage, and have 2/135 hp.
You now have 1/15 mp.
Blink to where?
Press: ? - help, Dir - move target, p - Oreg
As you read the scroll of blinking, it crumbles to dust.
The orc knight shoots a bolt.
The bolt hits you!!
You die...
Beogh appreciates the orc knight's killing of a heretic priest.

### ♣♣♣ ##.##### ### ♣♣♣.♣♣♣♣♣
##....#.####.## ♣♣.......♣♣
......#.......#♣ ♣♣♣♣...♣♣.....
...............♣♣♣♣♣...†♣♣♣♣♣♣...
............†...♣♣..†o§♣♣ ♣..♣.
.............†..♣♣.††o.♣ ♣♣..♣♣
.......##..o#...@...♣♣♣♣ ♣...♣
.......#######.....♣♣ ♣♣♣♣...♣
.......# ##..♣♣♣ ♣.♣.†.♣♣
........ ### ##.♣ ♣♣....♣♣
........###.#####♣♣ ♣.....♣
..................♣ ♣..♣♣♣♣ .
...............♣ ♣..♣♣ .
....^........[.♣ ♣...♣ .
...............♣ ♣....♣


You could see an orc knight (target of vengeance) and Oreg the orc apostle
(strong, divinely empowered, target of vengeance).

Vanquished Creatures
  An orc warlord (Bailey)
  A hydra (Lair:3)
  Erica (Lair:2)
  2 two-headed ogres (D:8)
  2 death yaks (Lair:4)
  An orc high priest (Lair:5)
  An orc knight (Bailey)
  3 black mambas
  3 elephants (Lair:5)
  9 cane toads
  Jeremiah (D:7)
  A rime drake (Lair:1)
  9 komodo dragons
  12 blink frogs
  Sigmund (D:6)
  A wyvern (Lair:3)
  29 yaks
  3 basilisks
  A warg (D:8)
  Menkaure (D:4)
  9 water moccasins
  Duvessa (D:4)
  An acid dragon (D:8)
  2 sky beasts (D:5)
  A black bear (Lair:4)
  An ogre (D:3)
  8 orc warriors
  7 wolves
  5 centaurs
  2 phantoms (D:5)
  14 bullfrogs
  4 scorpions
  4 small abominations (Lair:5)
  5 wights
  Dowan (D:4)
  2 howler monkeys
  5 electric eels (D:6)
  A centaur zombie (D:8)
  7 hounds
  3 jellies
  9 orc priests
  A gnoll bouda (D:7)
  A hell rat (Lair:3)
  6 iguanas
  6 orc wizards
  Terence (D:3)
  2 killer bee zombies (D:8)
  A mummy (D:8)
  2 howler monkey zombies (D:8)
  17 gnolls
  9 adders
  2 shadow imps (D:8)
  A white imp (D:7)
  3 dart slugs
  A ribbon worm (D:3)
  19 orcs
  9 bats
  5 endoplasms
  A giant cockroach (D:4)
  12 goblins
  10 hobgoblins
  2 jackals (D:2)
  14 kobolds
  6 quokkas
  6 ball pythons
  4 frilled lizards
  8 rats
324 creatures vanquished.

Vanquished Creatures (collateral kills)
  A dire elephant (Lair:1)
  3 hydras
  A death yak (Lair:4)
  A black mamba (Lair:1)
  2 cane toads
  An unseen horror zombie (D:8)
  A komodo dragon (Lair:3)
  A polar bear (Lair:5)
  A jumping spider (Lair:2)
  22 blink frogs
  A wyvern (Lair:2)
  3 basilisks
  21 yaks
  3 redbacks (Lair:2)
  2 water moccasins
  An orc warrior (Bailey)
  5 wolves
  A weeping skull (D:8)
  3 bullfrogs
  A human zombie (D:8)
  A gnoll (Bailey)
  A hobgoblin (Bailey)
77 creatures vanquished.

Vanquished Creatures (others)
  Nergalle (Lair:3)
  5 orc apostles
  A wight (D:8)
  An orc priest (D:8)
  11 orcs
  2 goblins (Bailey)
  A hobgoblin (Bailey)
22 creatures vanquished.

Grand Total: 423 creatures vanquished

Notes
Turn   | Place    | Note
-------+----------+-------------------------------------------
     0 | D:1      | jasper the Troll Fighter began the quest for the Orb.
     0 | D:1      | Reached XP level 1. HP: 22/22 MP: 0/0
    95 | D:1      | Reached XP level 2. HP: 29/29 MP: 1/1
   469 | D:1      | Reached XP level 3. HP: 36/36 MP: 2/2
   582 | D:2      | Reached skill level 3 in Unarmed Combat
  1196 | D:3      | Noticed Terence
  1204 | D:3      | Killed Terence
  1205 | D:3      | Reached XP level 4. HP: 44/44 MP: 3/3
  1741 | D:3      | Noticed an ogre
  1747 | D:3      | Killed an ogre
  1748 | D:3      | Reached skill level 4 in Unarmed Combat
  1748 | D:3      | Reached XP level 5. HP: 47/53 MP: 4/4
  2116 | D:4      | Reached XP level 6. HP: 61/61 MP: 3/5
  2325 | D:4      | Noticed Menkaure
  2336 | D:4      | Killed Menkaure
  2337 | D:4      | Reached skill level 5 in Unarmed Combat
  2446 | D:4      | Found Cigijed's Antique Weapon Emporium.
  2529 | D:4      | Reached XP level 7. HP: 68/68 MP: 6/6
  2535 | D:4      | Noticed Duvessa
  2535 | D:4      | Noticed Dowan
  2593 | D:4      | Killed Duvessa
  2594 | D:4      | Reached skill level 6 in Unarmed Combat
  2599 | D:4      | Killed Dowan
  2727 | D:5      | Entered Level 5 of the Dungeon
  2943 | D:5      | Reached skill level 5 in Shields
  2943 | D:5      | Reached XP level 8. HP: 63/79 MP: 7/7
  3027 | D:5      | Reached skill level 7 in Unarmed Combat
  3289 | D:5      | Found Heolel's Assorted Antiques.
  3302 | D:5      | Bought 2 potions of might for 200 gold pieces
  3302 | D:5      | Bought a scroll labelled ZOXTUT QIMAWK for 25 gold pieces
  3490 | D:5      | Reached skill level 5 in Fighting
  3495 | D:5      | Reached skill level 8 in Unarmed Combat
  3612 | D:6      | Noticed Sigmund
  3620 | D:6      | Killed Sigmund
  3671 | D:6      | Became a worshipper of Beogh the Shepherd
  3711 | D:6      | Reached XP level 9. HP: 60/88 MP: 4/8
  3988 | D:6      | Found a bloodstained altar of Trog.
  3994 | D:6      | Found a staircase to the Ecumenical Temple.
  4003 | D:6      | Found Ebadusm's Serpentskin Sales.
  4064 | D:6      | Reached skill level 9 in Unarmed Combat
  4571 | D:7      | Reached * piety under Beogh
  4702 | D:7      | Found a flagged portal.
  4711 | Bailey   | Entered a bailey
  4853 | Bailey   | Reached ** piety under Beogh
  4877 | Bailey   | Noticed an orc knight
  4894 | Bailey   | Reached skill level 1 in Invocations
  4910 | Bailey   | Killed an orc knight
  5075 | Bailey   | HP: 1/133 [orc warrior/+0 war axe (12)]
  5077 | Bailey   | Reached XP level 10. HP: 2/98 MP: 0/12
  5194 | Bailey   | Noticed an orc warlord
  5208 | Bailey   | Killed an orc warlord
  5209 | Bailey   | Reached skill level 10 in Unarmed Combat
  5233 | Bailey   | Acquired the scarf of Turph {shadows, +Inv rPois SInv}
  5302 | Bailey   | Identified the ring of Nuitah {Fly rPois rF+ Str-5 SInv}
  5316 | Bailey   | Identified the +3 dire flail "Arbiter" {drain, *Corrode
                  | rF++ rC++}
  5397 | D:7      | Found a snail-covered altar of Cheibriados.
  5891 | D:7      | Reached skill level 11 in Unarmed Combat
  6031 | D:7      | Noticed Jeremiah
  6036 | D:7      | Killed Jeremiah
  6178 | D:8      | Found a staircase to the Lair.
  6654 | D:8      | Noticed a two-headed ogre
  6659 | D:8      | Killed a two-headed ogre
  6798 | D:8      | Noticed a two-headed ogre
  6804 | D:8      | Killed a two-headed ogre
  6805 | D:8      | Reached XP level 11. HP: 51/109 MP: 5/13
  6964 | D:8      | Reached *** piety under Beogh
  6993 | D:8      | Identified the +2 dagger of the Madman {elec, Str+2 Dex+6}
  6993 | D:8      | Noticed Benkei
  7002 | D:8      | Anointed Benkei the wizard as your apostle
  7099 | D:8      | Found a basalt altar of Yredelemnul.
  7156 | D:8      | Reached skill level 12 in Unarmed Combat
  7293 | Lair:1   | Entered Level 1 of the Lair of Beasts
  7375 | Lair:1   | HP: 4/109 [blink frog (13)]
  7492 | Lair:1   | Noticed a dire elephant
  7504 | Lair:1   | Killed a dire elephant
  7760 | Lair:1   | Reached skill level 13 in Unarmed Combat
  7789 | Lair:1   | Noticed Boderik
  7795 | Lair:1   | Noticed a +0 war axe
  7800 | Lair:1   | Anointed Boderik the priest as your apostle
  8170 | Lair:1   | Found a runed translucent gate.
  8171 | Lair:1   | Found a runed translucent gate.
  8171 | Lair:1   | Found a runed translucent gate.
  8173 | Lair:1   | Noticed Daekhaa's ghost (journeyman GnSu)
  8461 | Lair:2   | Found a hole to the Spider Nest.
  8472 | Lair:2   | Noticed Erica
  8475 | Lair:2   | Reached **** piety under Beogh
  8479 | Lair:2   | Killed Erica
  8480 | Lair:2   | Reached XP level 12. HP: 91/122 MP: 7/14
  8915 | Lair:2   | Reached skill level 14 in Unarmed Combat
  9346 | Lair:3   | Noticed Nergalle
  9351 | Lair:3   | Pacified Nergalle
  9353 | Lair:3   | Killed Nergalle
  9546 | Lair:3   | Noticed a four-headed hydra
  9554 | Lair:3   | Your ally Boderik died
  9555 | Lair:3   | Killed a nine-headed hydra
  9633 | Lair:3   | Identified the +6 dagger of Awkwardness {pain, ^Contam
                  | *Noise rC+++ Dex+9}
  9633 | Lair:3   | Noticed Garbold
  9640 | Lair:3   | Anointed Garbold the wizard as your apostle
  9674 | Lair:3   | Reached skill level 10 in Shields
  9738 | Lair:3   | Noticed a four-headed hydra
  9742 | Lair:3   | Killed a four-headed hydra
  9836 | Lair:3   | Reached skill level 15 in Unarmed Combat
 10427 | Lair:3   | Reached XP level 13. HP: 131/131 MP: 15/15
 10429 | Lair:3   | Found a staircase to the Shoals.
 10927 | Lair:4   | Your ally Benkei died
 11362 | Lair:4   | Reached skill level 10 in Fighting
 11363 | Lair:4   | Reached skill level 16 in Unarmed Combat
 11839 | Lair:5   | Entered Level 5 of the Lair of Beasts
 12561 | Lair:5   | Reached skill level 5 in Invocations
 12594 | Lair:5   | Reached ***** piety under Beogh
 12636 | Lair:5   | Your ally Garbold died
 12645 | Lair:5   | Your ally Benkei died
 12646 | Lair:5   | Your ally Boderik died
 12649 | Lair:5   | HP: 2/135 [Oreg the orc apostle/+5 vampiric great sword
                  | (24)]
 12650 | Lair:5   | Shot with a bolt by an orc knight

Illustrated notes

Levels and vault maps discovered:
D:1:      pf_arrival_petrified_forest, layout_rooms
D:2:      layout_loops_ring
D:3:      layout_loops_corners, uniq_terence
D:4:      nicolae_cairo_tiling_large, layout_rooms, serial_shops,
          nicolae_shop_competitors_out_of_business, uniq_menkaure, uniq_duvessa
D:5:      layout_basic, serial_shops, shop
D:6:      layout_basic, trog_hazing_becter, minmay_temple_entry_hall,
          serial_bayou, serial_bayou_crossing, serial_bayou_shore_a,
          serial_bayou_shore_b, serial_bayou_pond_b, guppyfry_shop_venom,
          uniq_sigmund
D:7:      layout_basic, mainiacjoe_overflow_small_starburst, enter_bailey_3,
          kennysheep_generic_room_10, uniq_jeremiah
D:8:      layout_loops_ring, lemuel_mausoleum_altar_yredelemnul,
          erik_lair_orcish_takeover, kennysheep_generic_room_6
Lair:1:   layout_roguey, gammafunk_ghost_ooze, nicolae_lair_grazing_beasts
          [nicolae_sub_lair_graze_edge, nicolae_sub_lair_graze_edge,
          nicolae_sub_lair_graze_edge, nicolae_sub_lair_graze_edge]
Lair:2:   statuecave_lemuel, layout_long_grid, spider_nest_entry_a,
          chequers_serial_rivers_micro_e, uniq_erica
Lair:3:   nzn_winding_woodlands_three_and_one
          [nzn_winding_woodlands_5x15_pathside_ponds,
          nzn_winding_woodlands_5x15_pockets,
          nzn_winding_woodlands_5x15_crooked,
          nzn_winding_woodlands_center_lodge], layout_cave_pods,
          elwin_shoals_entry_rocks, gauntlet_entry_generic,
          nicolae_lair_grove_arrangements, uniq_nergalle
Lair:4:   layout_regular_city, serial_rivers, chequers_serial_rivers_micro_e,
          chequers_serial_rivers_room_a, chequers_serial_rivers_micro_c,
          chequers_serial_rivers_micro_a
Lair:5:   hellmonk_lair_end_abyssal_woods, layout_gridlike,
          minmay_slime_entry_oklob_enclosed, wad_woods_03

Skill      XL: |  1  2  3  4  5  6  7  8  9 10 11 12 13 |
---------------+----------------------------------------+-----
Shields        | 3 4 5 6 8 9 10 11 | 11.2
Unarmed Combat | 3 4 5 6 8 9 11 13 15 16 | 16.4
Fighting       | 3 4 5 6 7 8 9 10 | 10.3
Invocations    | 4 5 |  5.1
Dodging        | |  2.4

Action                     |  1- 3 |  4- 6 |  7- 9 | 10-12 | 13-15 || total
---------------------------+-------+-------+-------+-------+-------++-------
  Melee: Unarmed           |    89 |   101 |   302 |   434 |   142 ||  1068
  Throw: Dart              |     1 |     2 |       |     1 |       ||     4
 Invoke: Convert to Beogh  |       |       |     1 |       |       ||     1
         Smiting           |       |       |       |    11 |     4 ||    15
         Recruit Apostle   |       |       |       |     3 |       ||     3
         Recall Apostles   |       |       |       |     1 |       ||     1
  Evoke: Wand              |       |       |    10 |     3 |     1 ||    14
    Use: Scroll            |     8 |     3 |     9 |     8 |     1 ||    29
         Potion            |       |     1 |     8 |       |     1 ||    10
   Stab: Sleeping          |     1 |     1 |     1 |       |       ||     3
         Distracted        |       |       |       |     1 |     5 ||     6
         Confused          |       |       |       |     1 |       ||     1
 Armour: Robe              |    53 |    40 |   215 |   269 |    79 ||   656
         Skin              |       |       |    20 |       |       ||    20
  Dodge: Dodged            |    33 |    17 |    88 |   102 |    35 ||   275
  Block: Kite shield       |    30 |    31 |   156 |   190 |    66 ||   473

Table legend: (Time is in decaauts)
 A = Elapsed time spent in this place.
 B = Non-inter-level travel time spent in this place.
 C = Inter-level travel time spent in this place.
 D = Time resting spent in this place.
 E = Time spent auto-exploring this place.
 F = Levels seen in this place.
 G = Mean time per level.
                   A        B        C        D        E       F      G
               +--------+--------+--------+--------+--------+-----+--------+
         Total |  12539 |  12175 |    364 |    563 |   8901 |  14 |  895.6 |
       Dungeon |   6625 |   6387 |    238 |    159 |   4745 |   8 |  828.1 |
          Lair |   5276 |   5150 |    126 |    356 |   3822 |   5 | 1055.2 |
        Bailey |    637 |    637 |      0 |     47 |    334 |   1 |  637.0 |
               +--------+--------+--------+--------+--------+-----+--------+

Top non-repeatable levels by time:
  Lair:3: 1588 daAuts
     D:8: 1162 daAuts
  Lair:1: 1144 daAuts
     D:6: 1026 daAuts
     D:7: 945 daAuts
  Lair:4: 945 daAuts
     D:3: 939 daAuts
  Lair:2: 805 daAuts
  Lair:5: 793 daAuts
     D:5: 773 daAuts
     D:2: 640 daAuts
  Bailey: 637 daAuts
     D:4: 628 daAuts
     D:1: 508 daAuts
